 Dungeon Crawl Stone Soup version 0.30-a0-168-g0b976cbdc4 (webtiles) character file.

Game seed: 2230206199080386392

335 qw the Chopper (level 6, -2/38 HPs)
             Began as a Gargoyle Fighter on Sept 29, 2022.
             Slain by Prince Ribbit (10 damage)
             ... on level 5 of the Dungeon.
             The game lasted 00:00:59 (3508 turns).

qw the Chopper (Gargoyle Fighter)                   Turns: 3508, Time: 00:01:00

Health: -2/38      AC: 25    Str: 21    XL:     6   Next: 53%
Magic:  6/6        EV:  5    Int:  9    God:
Gold:   148        SH:  4    Dex:  9    Spells: 5/5 levels left

rFire   . . .      SeeInvis .    Y - +1 war axe
rCold   . . .      Faith    .    c - +0 buckler
rNeg    + + .      Spirit   .    o - +1 plate armour
rPois   inf        Reflect  .    i - +2 hat
rElec   +          Harm     .    a - +2 cloak of Demons {rN+}
rCorr   .          Rampage  .    l - +2 pair of gloves
Will    .....                    (no boots)
Stlth   ..........               (no amulet)
HPRegen 0.12/turn                (no ring)
MPRegen 0.10/turn                (no ring)

@: no status effects
A: sickness immunity, AC +4, negative energy resistance 1, electricity
resistance, torment resistance 1, petrification resistance
a: no special abilities


You were on level 5 of the Dungeon.
You visited 1 branch of the dungeon, and saw 5 of its levels.

You collected 148 gold pieces.


Innate Abilities, Weirdness & Mutations

You are immune to sickness and miasma.
Your stone body is resilient. (AC +4)
You are immune to poison.
You resist negative energy. (rN+)
You are resistant to electric shocks. (rElec)
You are resistant to unholy torment.
You are immune to petrification.


   Skills:
 - Level 4.3 Fighting
 + Level 5.6 Axes
 - Level 3.2 Armour
 - Level 3.2 Shields


You had 5 spell levels left.
You didn't know any spells.
Your spell library was empty.

Inventory:

Hand Weapons
 b - a +0 flail
 Y - a +1 war axe (weapon)
Armour
 a - the +2 cloak of Demons (worn) {rN+}
   (You acquired it on level 2 of the Dungeon)

   rN:        It protects you from negative energy.
 c - a +0 buckler (worn)
 i - a +2 hat (worn)
 l - a +2 pair of gloves (worn)
 o - a +1 plate armour (worn)
Scrolls
 f - a scroll of identify
Potions
 d - a potion of might
 e - a potion of attraction
 g - a potion of heal wounds {unknown}
 h - a potion of resistance {unknown}
 k - a potion of flight {unknown}
 m - a potion of mutation {unknown}

Dungeon Overview and Level Annotations

Branches:
Dungeon (5/15)
 Temple: D:4-7

Altars:

Shops:
D:3 =

Annotations:
D:5 Prince Ribbit


Message History

You hit the orc. You barely miss Prince Ribbit.
You hit the orc but do no damage. The hound bites you but does no damage.
Prince Ribbit hits you but does no damage.
The orc hits you but does no damage. x2; The hound bites you but does no damage.
Prince Ribbit hits you. The orc hits you but does no damage.
The orc hits you with a +0 flail.
You slash the hound!
You kill the hound!
You miss Prince Ribbit. You hit the orc. You barely miss the orc.
Prince Ribbit hits you. The orc hits you with a +0 flail.
The orc hits you but does no damage. You block Prince Ribbit's attack.
You hit Prince Ribbit.
Prince Ribbit is lightly wounded.
You hit the orc but do no damage. You slash the orc!
You kill the orc!
Prince Ribbit hits you but does no damage.
The orc hits you but does no damage. The adder bites you but does no damage.
Prince Ribbit hits you but does no damage.
You barely miss Prince Ribbit.
Prince Ribbit is lightly wounded.
You slash the adder! You closely miss the orc.
The orc hits you with a +0 flail. Prince Ribbit completely misses you.
The adder bites you but does no damage.
You slash the adder!
You kill the adder!
You hit Prince Ribbit. You hit the orc.
Prince Ribbit hits you but does no damage.
The orc barely misses you. The dart slug launches a dart at you.
The slug dart hits you but does no damage.
Prince Ribbit blinks!
The orc hits you with a +0 flail.
You hit the orc but do no damage.
The orc is moderately wounded.
The sentinel's mark upon you fades away.
The orc hits you but does no damage.
You slash the orc!
You kill the orc!
Prince Ribbit hits you!
You die...

....##### #####.###.#
...## #.........#
...#########......####
..........##......#
...######.##......#
####
.........#########
###...............
#...F.##########
##+##@# #..).#
......%).......
##.####.#w...## ..
.....#.# ... .....
......... ..... .###
.........


You could see Prince Ribbit and a dart slug.

Vanquished Creatures
  An ogre (D:3)
  A phantom (D:4)
  A hound (D:5)
  An orc priest (D:3)
  3 adders
  3 worms
  3 dart slugs
  9 orcs
  10 ball pythons
  5 endoplasms
  15 giant cockroaches
  A goblin (D:2)
  3 hobgoblins
  2 kobolds
  2 quokkas
  3 bats
  A frilled lizard (D:2)
  4 rats
68 creatures vanquished.

Notes
Turn   | Place    | Note
-------+----------+-------------------------------------------
     0 | D:1      | qw the Gargoyle Fighter began the quest for the Orb.
     0 | D:1      | Reached XP level 1. HP: 14/14 MP: 1/1
     0 | D:1      | 0 ||| qw: Version: 0.2-a-12-gaebbb33
     0 | D:1      | 0 ||| qw: Game counter: 1113
     0 | D:1      | 0 ||| qw: Always use a shield: true
     0 | D:1      | 0 ||| qw: God list: Okawaru
     0 | D:1      | 0 ||| qw: Allow faded altars: false
     0 | D:1      | 0 ||| qw: Do Orc after D:15 true
     0 | D:1      | 0 ||| qw: Do second Lair branch before Depths: true
     0 | D:1      | 0 ||| qw: Lair rune preference: random
     0 | D:1      | 0 ||| qw: Plans: Normal, Zot:1-4, God:TSO, Crypt, Tomb,
                  | Pan, Slime:5, Hells, Abyss, Orb
     0 | D:1      | 0 ||| PLANNING D:1-11
    35 | D:1      | Reached skill level 2 in Axes
   467 | D:1      | 467 ||| Stepping ~*~*~tactically~*~*~ (stealth).
   585 | D:1      | Reached XP level 2. HP: 18/19 MP: 2/2
   812 | D:1      | 812 ||| UPGRADING to +2 hat.
   817 | D:1      | 817 ||| DROPPING amulet of faith.
   818 | D:1      | 818 ||| READING scroll labelled MUOTHR JATENEUB.
   819 | D:1      | 819 ||| READING scroll labelled DAMUOJUTUPT.
   868 | D:2      | 868 ||| STAIRDANCE
  1048 | D:2      | Reached skill level 3 in Axes
  1057 | D:2      | Reached XP level 3. HP: 23/23 MP: 3/3
  1728 | D:2      | Reached XP level 4. HP: 10/28 MP: 4/4
  2198 | D:2      | 2198 ||| UPGRADING to +2 pair of gloves.
  2203 | D:2      | 2203 ||| UPGRADING to +0 plate armour.
  2213 | D:2      | 2213 ||| DROPPING +0 scale mail.
  2214 | D:2      | 2214 ||| READING scroll labelled SOKAQI MUME.
  2215 | D:2      | 2215 ||| READING 3 scrolls labelled FAKHLO VEILUSO.
  2216 | D:2      | 2216 ||| READING scroll labelled YFAIRAMMUSH.
  2217 | D:2      | 2217 ||| READING scroll labelled LEUBOZ WAH.
  2218 | D:2      | 2218 ||| READING 3 scrolls labelled TIUB PYRUUXIAQ.
  2219 | D:2      | 2219 ||| READING scroll labelled MOIGUP SOGARPH.
  2220 | D:2      | 2220 ||| READING scroll labelled CACRU ROINGO.
  2220 | D:2      | Identified a scroll of acquirement
  2220 | D:2      | 2220 ||| ACQUIRING +2 cloak of Demons {rN+}
  2220 | D:2      | Acquired the +2 cloak of Demons {rN+}
  2222 | D:2      | 2222 ||| UPGRADING to +2 cloak of Demons {rN+}.
  2227 | D:2      | 2227 ||| READING 2 scrolls of identify.
  2227 | D:2      | 2227 ||| IDENTIFYING metallic coppery potion
  2228 | D:2      | 2228 ||| DROPPING 2 scrolls of fear.
  2294 | D:3      | 2294 ||| Stepping ~*~*~tactically~*~*~ (stealth).
  2296 | D:3      | 2296 ||| Stepping ~*~*~tactically~*~*~ (hiding).
  2306 | D:3      | Reached skill level 4 in Axes
  2519 | D:3      | 2519 ||| DROPPING +0 mace.
  2552 | D:3      | 2552 ||| Stepping ~*~*~tactically~*~*~ (stealth).
  2707 | D:3      | Reached XP level 5. HP: 30/32 MP: 5/5
  2754 | D:3      | Found a faded altar of an unknown god.
  2768 | D:3      | Noticed an ogre
  2769 | D:3      | 2769 ||| Stepping randomly (stuck).
  2804 | D:3      | Found Beraxome's Jewellery Emporium.
  2808 | D:3      | 2808 ||| SHOPLISTING amulet "Yrigus" {Spirit Regen+ Stlth+}
                  | (398 gold, have 123).
  2808 | D:3      | 2808 ||| SHOPLISTING amulet of guardian spirit (300 gold,
                  | have 123).
  2808 | D:3      | 2808 ||| SHOPLISTING ring of ice (250 gold, have 123).
  2808 | D:3      | 2808 ||| SHOPLISTING ring of protection from cold (250
                  | gold, have 123).
  2808 | D:3      | 2808 ||| SHOPLISTING ring of resist corrosion (200 gold,
                  | have 123).
  2874 | D:3      | Killed an ogre
  2875 | D:3      | Reached skill level 5 in Axes
  3074 | D:3      | 3074 ||| Stepping ~*~*~tactically~*~*~ (hiding).
  3276 | D:3      | 3276 ||| DROPPING orb of guile.
  3290 | D:4      | Noticed a phantom
  3295 | D:4      | 3295 ||| STAIRDANCE
  3307 | D:4      | Killed a phantom
  3308 | D:4      | Reached XP level 6. HP: 25/38 MP: 6/6
  3443 | D:4      | You fall into a shaft and drop 1 floor!
  3443 | D:5      | Entered Level 5 of the Dungeon
  3480 | D:5      | 3480 ||| READING scroll of enchant armour.
  3480 | D:5      | 3480 ||| ENCHANTING +0 plate armour.
  3484 | D:5      | Noticed Prince Ribbit
  3502 | D:5      | HP: 9/38 [orc/+0 flail (1)]
  3508 | D:5      | Slain by Prince Ribbit

Levels and vault maps discovered:
D:1:      minmay_arrival_diagonal_passages, layout_loops_ring, minivault_11
D:2:      minmay_roachtagon, layout_loops_corners, nrook_loot_triangle,
          minmay_increasing_density
D:3:      cheibrodos_pilgrimage, layout_basic, basic_ecumenical_altar,
          serial_shops, nicolae_shop_trees
D:4:      layout_basic, led_sif_book, mainiacjoe_overflow_concentric_impassable
D:5:      layout_basic, uniq_prince_ribbit1, uniq_edmund

Skill      XL: |  1  2  3  4  5 |
---------------+----------------+-----
Axes           | 2 3 4 5 |  5.6
Fighting       | 4 |  4.3
Armour         | |  3.2
Shields        | |  3.2

Action                   |  1- 3 |  4- 6 || total
-------------------------+-------+-------++-------
Melee: War axe           |    95 |    88 ||   183
  Use: Scroll            |     2 |     9 ||    11
Armor: Scale mail        |    32 |     6 ||    38
       Plate armour      |       |    59 ||    59
Dodge: Dodged            |    40 |    23 ||    63
Block: Buckler           |    16 |    24 ||    40

Table legend:
 A = Non-vault XP
 B = Vault XP
 C = Vault XP percentage of total XP
 D = Non-vault monster count
 E = Vault monster count
 F = Vault count percentage of total count
                 A         B        C        D         E       F
            +---------+---------+-------+---------+---------+-------
      Total |     388 |      91 |  19.0 |      45 |      23 |  33.8
            +---------+---------+-------+---------+---------+-------
        D:1 |      15 |       0 |   0.0 |       8 |       0 |   0.0
        D:2 |      38 |      33 |  46.5 |      14 |      17 |  54.8
        D:3 |     164 |      58 |  26.1 |      16 |       6 |  27.3
        D:4 |     104 |       0 |   0.0 |       2 |       0 |   0.0
        D:5 |      67 |       0 |   0.0 |       5 |       0 |   0.0
            +---------+---------+-------+---------+---------+-------
